 Dungeon Crawl Stone Soup version 0.22-a0-580-gd5db89c (webtiles) character file.

99 Hebeh the Shield-Bearer (level 4, 0/41 HPs)
             Began as a Minotaur Fighter on July 3, 2018.
             Slain by a gnoll
             ... wielding a +0 spear of pain
              (3 damage)
             ... on level 3 of the Dungeon.
             The game lasted 00:04:25 (1631 turns).

Hebeh the Shield-Bearer (Minotaur Fighter)          Turns: 1631, Time: 00:04:26

Health: 0/41       AC:  7    Str: 22    XL:     4   Next: 45%
Magic:  3/3        EV:  7    Int:  5    God:
Gold:   79         SH:  9    Dex:  9    Spells: 3/3 levels left

rFire    . . .     SeeInvis .   a - +0 war axe
rCold    . . .     Gourm    .   c - +0 shield
rNeg     . . .     Faith    .   b - +0 scale mail
rPois    .         Spirit   .   (helmet restricted)
rElec    .         Reflect  .   (no cloak)
rCorr    .         Harm     .   (no gloves)
MR       .....                  (no boots)
Stlth    ..........             (no amulet)
HPRegen  0.13/turn              (no ring)
MPRegen  0.08/turn              (no ring)

@: no status effects
A: retaliatory headbutt, horns 2
a: no special abilities


You were on level 3 of the Dungeon.
You were hungry.

You visited 1 branch of the dungeon, and saw 3 of its levels.

You collected 79 gold pieces.

Inventory:

Hand Weapons
 a - a +0 war axe (weapon)
Armour
 b - a +0 scale mail (worn)
 c - a +0 shield (worn)
Scrolls
 e - 2 scrolls of random uselessness {unknown}
 i - 3 scrolls of remove curse {unknown}
 j - 2 scrolls of noise {unknown}
 k - a scroll of teleportation {unknown}
 l - 2 scrolls of identify {unknown}
Potions
 d - a potion of might
 h - a potion of degeneration {unknown}
 m - a potion of magic {unknown}
Comestibles
 f - 4 rations


   Skills:
 + Level 4.3 Fighting
 * Level 4.0 Axes
 + Level 4.2 Armour
 + Level 4.3 Shields


You had 3 spell levels left.
You didn't know any spells.
Your spell library was empty.

Dungeon Overview and Level Annotations

Branches:
Dungeon (3/15)

Altars:
Yredelemnul


Innate Abilities, Weirdness & Mutations

You reflexively headbutt those who attack you in melee.
You have a pair of horns on your head.


Message History

The gnoll hits you from afar with a spear of pain.
* * * LOW HITPOINT WARNING * * *
You slash the gnoll!
You kill the gnoll!
Your Axes skill increases to level 4!
The gnoll hits you from afar with a spear of pain.
* * * LOW HITPOINT WARNING * * *
The gnoll hits you but does no damage.
You closely miss the gnoll. You hit the gnoll but do no damage.
The gnoll hits you.
* * * LOW HITPOINT WARNING * * *
The gnoll hits you but does no damage.
You writhe in agony.
* * * LOW HITPOINT WARNING * * *
The gnoll barely misses you.
You hit the gnoll but do no damage. You hit the rat.
You kill the rat!
You hit the gnoll. You block the gnoll's attack.
The gnoll hits you but does no damage.
The gnoll hits you with a spear of pain.
You die...

############
#..........#
#..........#
####..........######
#.....###.@g...†)..#
#######.#..##
##.g..####......
#[......#.## #....#
##..g ..#######.+
###### o .## ### ##
.# .# .#


You could see 2 gnolls.

Vanquished Creatures
  2 gnolls (D:3)
  An adder (D:2)
  A shadow imp (D:2)
  5 dart slugs
  A leopard gecko (D:2)
  4 bats
  3 giant cockroaches
  5 hobgoblins
  3 jackals (D:1)
  7 kobolds
  2 quokkas (D:2)
  A ball python (D:1)
  5 frilled lizards
  5 goblins
  7 rats
  A plant (D:1)
53 creatures vanquished.

Notes
Turn   | Place    | Note
-------+----------+-------------------------------------------
     0 | D:1      | Hebeh the Minotaur Fighter began the quest for the Orb.
     0 | D:1      | Reached XP level 1. HP: 19/19 MP: 0/0
   102 | D:1      | Reached XP level 2. HP: 17/27 MP: 1/1
   523 | D:1      | Reached XP level 3. HP: 33/33 MP: 2/2
  1270 | D:2      | Found a basalt altar of Yredelemnul.
  1279 | D:2      | Reached XP level 4. HP: 40/40 MP: 3/3
  1631 | D:3      | Slain by a gnoll

Vault maps used:
D:1:      dpeg_arrival_windows_large_door, serial_forest,
          infiniplex_forest_lined_room_, infiniplex_forest_lined_4_way,
          infiniplex_forest_corner_2, infiniplex_forest_zigzag_1,
          infiniplex_forest_zigzag_1, infiniplex_forest_split,
          infiniplex_forest_clump_tiny, infiniplex_forest_end_1,
          infiniplex_forest_zigzag_1, minmay_misc_feat_more_columns
D:2:      yredelemnul_altar_generic, minmay_misc_feat_doors
D:3:      grunt_temple_overflow_lords_of_destruction, tso_altar,
          ebering_ghost_disaster_area, chequers_ecumenical_altar_simple,
          gup_sewer_entry_pipe, minmay_door_square

Skill      XL: |  1  2  3  4 |
---------------+-------------+-----
Axes           | 3 4 |  4.0
Fighting       | 4 |  4.3
Shields        | 4 |  4.3
Armour         | 4 |  4.2

Action                   |  1- 3 |  4- 6 || total
-------------------------+-------+-------++-------
Melee: War axe           |   114 |    18 ||   132
       Headbutt          |    15 |     2 ||    17
  Eat: Chunk             |     1 |     1 ||     2
Armor: Scale mail        |    33 |    10 ||    43
Dodge: Dodged            |    20 |     9 ||    29
Block: Shield            |    54 |    10 ||    64

Table legend:
 A = Spawn XP
 B = Non-spawn XP
 C = Spawn XP percentage of total XP
 D = Spawn monster count
 E = Non-spawn monster count
 F = Spawn count percentage of total count
 G = Total turns spent on level
                    A         B        C        D         E        F      G
               +---------+---------+-------+---------+---------+-------+---------
         Total |       0 |     142 |   0.0 |       0 |      52 |   0.0 |  1631
               +---------+---------+-------+---------+---------+-------+---------
           D:1 |       0 |      55 |   0.0 |       0 |      28 |   0.0 |   862
           D:2 |       0 |      55 |   0.0 |       0 |      19 |   0.0 |   698
           D:3 |       0 |      32 |   0.0 |       0 |       5 |   0.0 |    71
               +---------+---------+-------+---------+---------+-------+---------
